 Dungeon Crawl Stone Soup version 0.28-a0-1190-g77e1c55843 (webtiles) character file.

Game seed: 7295019538221446759

242 ChaosChampion the Magician (level 5, -1/28 HPs)
             Began as a Deep Elf Conjurer on Dec 18, 2021.
             Slain by an orc warrior (15 damage)
             ... on level 4 of the Dungeon.
             The game lasted 00:03:33 (4195 turns).

ChaosChampion the Magician (Deep Elf Conjurer)      Turns: 4195, Time: 00:03:33

Health: -1/28      AC:  2    Str:  4    XL:     5   Next: 82%
Magic:  2/16       EV: 12    Int: 25    God:
Gold:   150        SH:  0    Dex: 13    Spells: 3/18 levels left

rFire   . . .      SeeInvis .   (no weapon)
rCold   . . .      Faith    .   (no shield)
rNeg    . . .      Spirit   .   a - +0 robe
rPois   .          Reflect  .   (no helmet)
rElec   .          Harm     .   (no cloak)
rCorr   .          Rampage  .   (no gloves)
Will    .....                   (no boots)
Stlth   ++........              (no amulet)
HPRegen 0.09/turn               (no ring)
MPRegen 0.15/turn               (no ring)

@: no status effects
A: no striking features
a: no special abilities


You were on level 4 of the Dungeon.
You visited 1 branch of the dungeon, and saw 4 of its levels.

You collected 150 gold pieces.

Inventory:

Missiles
 h - 2 throwing nets
Armour
 a - a +0 robe (worn)
Jewellery
 b - a ring of poison resistance
Scrolls
 c - 2 scrolls of identify {unknown}
 e - 3 scrolls of fog {unknown}
 f - a scroll of magic mapping {unknown}
 g - 2 scrolls of vulnerability {unknown}
 j - a scroll of holy word {unknown}
Potions
 d - a potion of brilliance {unknown}
 i - a potion of lignification {unknown}
 k - a potion of ambrosia {unknown}


   Skills:
 - Level 2.4 Dodging
 - Level 2.4 Stealth
 * Level 7.0 Spellcasting
 + Level 5.6 Conjurations
 * Level 0.2 Hexes
 * Level 0.3 Translocations


You had 3 spell levels left.
You knew the following spells:

 Your Spells              Type           Power      Damage    Failure   Level
a - Magic Dart            Conj           100%       1d8       1%          1
b - Searing Ray           Conj           74%        2d7       1%          2
c - Fulminant Prism       Conj/Hex       11%        3d9       21%         4
d - Iskenderun's Mystic   Conj/Tloc      23%        2d6       19%         4
e - Hailstorm             Conj/Ice       22%        3d7       21%         4

Your spell library contained the following spells:

 Spells                   Type           Power      Damage    Failure   Level
 Apportation              Tloc           20%        N/A       6%          1
 Dazzling Flash           Conj/Hex       46%        N/A       6%          3
 Animate Skeleton         Necr           16%        N/A       7%          1
 Freeze                   Ice            32%        1d5       7%          1
 Summon Small Mammal      Summ           32%        N/A       7%          1
 Corpse Rot               Necr/Air       16%        N/A       10%         2
 Poisonous Vapours        Pois/Air       16%        N/A       10%         2
 Frozen Ramparts          Ice            16%        1d3       21%         3


Dungeon Overview and Level Annotations

Branches:
Dungeon (4/15)
 Temple: D:4-7

Altars:

Shops:
D:2 [

Annotations:
D:1 1 runed translucent door


Message History

You kill the endoplasm!
The searing ray misses the goblin. (Press . to maintain the ray.)
The searing ray misses the goblin.
The goblin hits you but does no damage.
The searing ray hits the goblin.
You kill the goblin!
The searing ray hits the orc warrior.
The orc warrior is lightly wounded.
The searing ray misses the orc warrior.
The searing ray hits the orc!
You kill the orc!
You finish channelling your searing ray.
The orc warrior hits you with a +0 war axe!
Casting: Searing Ray (safe; 1% risk of failure)
Confirm with . or Enter, or press ? or * to list all spells.
The spell is extremely dangerous to miscast (21% risk of failure)!
Continue anyway?
You miscast Iskenderun's Mystic Blast.
You are very lightly contaminated with residual magic.
Nothing appears to happen.
There is a stone staircase leading up here.
Your magical contamination has completely faded away.
The orc priest miscasts a cantrip.
The orc priest calls upon Beogh to heal the orc warrior.
The orc warrior's wounds heal themselves!
The orc throws a boomerang of dispersal.
The boomerang of dispersal hits you.
You blink.
The orc closely misses you. The orc closely misses you.
There is a stone staircase leading up here.
Casting: Iskenderun's Mystic Blast (extremely dangerous; 21% risk of failure)
Confirm with . or Enter, or press ? or * to list all spells.
The spell is extremely dangerous to miscast (21% risk of failure)!
Continue anyway?
You erupt in a blast of force!
The mystic blast hits the orc!
You kill the orc!
The mystic blast hits the orc.
The orc is severely wounded.
The orc is knocked back by the mystic blast.
The mystic blast hits the orc warrior but does no damage.
The orc warrior hits you with a +0 war axe!
Ouch! That really hurt!
You die...

.......##..###.#.........#.#
...........#...##..........#
..............######........
............### #........
.......).##..#######..#.....
........o......#.##..##.....
........<......).)..........
..........o..#..###.........
...##......@....# #.##......
...#............#......$...
. ...##....................
###. #...........#....#...
## #..........#####.....
...........## ##.
...........## #...$......#
.....##...#


You could see an orc warrior and an orc.

Vanquished Creatures
  A jelly (D:4)
  An iguana (D:4)
  6 gnolls (D:2)
  4 adders
  An adder skeleton (D:4)
  3 dart slugs (D:2)
  7 orcs
  7 ball pythons
  4 endoplasms
  5 giant cockroaches
  7 goblins
  10 hobgoblins
  5 kobolds
  7 quokkas
  5 bats
  4 frilled lizards
  2 rats (D:2)
79 creatures vanquished.

Vanquished Creatures (others)
  2 fulminant prisms (D:4)
2 creatures vanquished.

Grand Total: 81 creatures vanquished

Notes
Turn   | Place    | Note
-------+----------+-------------------------------------------
     0 | D:1      | ChaosChampion the Deep Elf Conjurer began the quest for the
                  | Orb.
     0 | D:1      | Reached XP level 1. HP: 10/10 MP: 6/6
     1 | D:1      | Found a runed translucent door.
   348 | D:1      | Reached XP level 2. HP: 9/15 MP: 5/8
   378 | D:1      | Learned a level 2 spell: Searing Ray
   667 | D:1      | Reached skill level 4 in Spellcasting
  1255 | D:1      | Reached XP level 3. HP: 19/19 MP: 8/10
  1810 | D:2      | Reached skill level 5 in Spellcasting
  1810 | D:2      | Reached skill level 5 in Conjurations
  1919 | D:2      | Reached XP level 4. HP: 24/24 MP: 9/13
  2356 | D:2      | Reached skill level 6 in Spellcasting
  2514 | D:2      | Reached XP level 5. HP: 26/28 MP: 9/15
  2620 | D:2      | Found Tyusy's Antique Armour Emporium.
  3147 | D:3      | Found a faded altar of an unknown god.
  3756 | D:4      | Noticed an orc warrior
  3802 | D:4      | Learned a level 4 spell: Fulminant Prism
  3807 | D:4      | Learned a level 4 spell: Iskenderun's Mystic Blast
  3812 | D:4      | Learned a level 4 spell: Hailstorm
  3820 | D:4      | Noticed a black bear
  4112 | D:4      | Reached skill level 7 in Spellcasting
  4195 | D:4      | Slain by an orc warrior

Illustrated notes

Levels and vault maps discovered:
D:1:      dpeg_arrival_caged_fury, layout_loops_corners
D:2:      layout_rooms, serial_shops, nicolae_shop_hallway_stairs
D:3:      layout_loops_corners, basic_ecumenical_altar
D:4:      kennysheep_six_static_rooms, layout_cave_pools

Skill      XL: |  1  2  3  4  5 |
---------------+----------------+-----
Spellcasting   | 4 5 6 7 |  7.0
Conjurations   | 5 |  5.6
Dodging        | |  2.4
Stealth        | |  2.4
Hexes          | |  0.2
Translocations | |  0.3

Action                   |  1- 3 |  4- 6 || total
-------------------------+-------+-------++-------
 Cast: Magic Dart        |    87 |    77 ||   164
       Searing Ray       |       |     8 ||     8
       Iskenderun's Myst |       |     2 ||     2
       Fulminant Prism   |       |     2 ||     2
Armor: Robe              |       |     1 ||     1
Dodge: Dodged            |     1 |     9 ||    10

Table legend: (Time is in decaauts)
 A = Elapsed time spent in this place.
 B = Non-inter-level travel time spent in this place.
 C = Inter-level travel time spent in this place.
 D = Time resting spent in this place.
 E = Time spent auto-exploring this place.
 F = Levels seen in this place.
 G = Mean time per level.
                   A        B        C        D        E       F      G
               +--------+--------+--------+--------+--------+-----+--------+
         Total |   4196 |   4112 |     84 |    679 |   3002 |   4 | 1049.0 |
       Dungeon |   4196 |   4112 |     84 |    679 |   3002 |   4 | 1049.0 |
               +--------+--------+--------+--------+--------+-----+--------+

Top non-repeatable levels by time:
     D:1: 1603 daAuts
     D:3: 1280 daAuts
     D:2: 1152 daAuts
     D:4: 159 daAuts
